 Dungeon Crawl Stone Soup version 0.29.0-15-g675c0067aa (webtiles) character file.

Game seed: 12562985376617959836

43002 qw the Warrior (level 13, -6/130 HPs)
             Began as a Minotaur Berserker on Sept 12, 2022.
             Was an Elder of Trog.
             Mangled by a death yak (12 damage)
             ... on level 5 of the Lair of Beasts.
             The game lasted 00:05:31 (19477 turns).

qw the Warrior (Minotaur Berserker)                Turns: 19477, Time: 00:05:32

Health: -6/130     AC: 23    Str: 26    XL:     13   Next: 88%
Magic:  12/12      EV: 10    Int:  4    God:    Trog [****..]
Gold:   747        SH:  0    Dex: 11    Spells: 12/12 levels left

rFire   . . .      SeeInvis .   Y - +0 war axe (vamp)
rCold   . . .      Faith    .   (no shield)
rNeg    . . .      Spirit   .   c - +0 plate armour
rPois   .          Reflect  .   (helmet restricted)
rElec   +          Harm     .   n - +1 cloak
rCorr   +          Rampage  .   (no gloves)
Will    +....                   r - +2 pair of boots
Stlth   ..........              (no amulet)
HPRegen 0.31/turn               s - ring "Oramol" {rElec Will+ rCorr}
MPRegen 0.13/turn               b - +4 ring of slaying {mikee}

@: about to teleport, on berserk cooldown, slowed, very slow
A: horns 2, retaliatory headbutt
a: Renounce Religion, Berserk, Trog's Hand, Brothers in Arms


You were on level 5 of the Lair of Beasts.
You worshipped Trog.
Trog was greatly pleased with you.
You visited 2 branches of the dungeon, and saw 14 of its levels.
You also visited: Sewer.

You collected 943 gold pieces.
You spent 196 gold pieces at shops.


Innate Abilities, Weirdness & Mutations

You have a pair of horns on your head.
You reflexively headbutt those who attack you in melee.


   Skills:
 - Level 16.3 Fighting
 - Level 16.0 Axes
 + Level 6.9 Throwing
 - Level 15.0 Armour
 - Level 7.0 Dodging


You had 12 spell levels left.
You didn't know any spells.
Your spell library was empty.

Inventory:

Hand Weapons
 f - a +0 hand axe of flaming
 Y - a +0 vampiric war axe (weapon)
Missiles
 j - 11 boomerangs (quivered)
 v - a javelin
Armour
 c - a +0 plate armour (worn)
 n - a +1 cloak (worn)
 r - a +2 pair of boots (worn)
Jewellery
 b - a +4 ring of slaying (right hand) {mikee}
 p - a +6 ring of dexterity
 s - the ring "Oramol" (left hand) {rElec Will+ rCorr}
   (You found it on level 8 of the Dungeon)

   [ring of willpower]

   rElec:     It insulates you from electricity.
   rCorr:     It protects you from acid and corrosion.
   Will:      It increases your willpower.
 t - a ring of protection from cold
Scrolls
 e - 5 scrolls of teleportation
 g - 2 scrolls of identify
Potions
 a - 6 potions of curing
 h - a potion of haste
 i - a potion of resistance
 l - a potion of mutation
 m - 3 potions of might
 o - 3 potions of heal wounds

Dungeon Overview and Level Annotations

Branches:
Dungeon (9/15)             Temple (0/1) D:6            Lair (5/5) D:9
  Swamp (0/4) Lair:2        Snake (0/4) Lair:3        Slime (0/5) Lair:5
  Sewer (visited)
    Orc: D:9-12

Altars:
Elyvilon
Fedhas
Gozag
Hepliaklqana
Kikubaaqudgha
Makhleb
Okawaru
Qazlal
Sif Muna
Xom

Shops:
D:4 !   D:8 (

Annotations:
D:3 1 runed translucent door, Crazy Yiuf
D:7 3 runed translucent doors, qw's ghost, novice GrBe
D:9 3 runed translucent doors, qw's ghost, novice GrDe


Message History

You slash the death yak!
You feel better.
You barely miss the death yak. The death yak gores you!
The death yak gores you. The death yak closely misses you.
You furiously retaliate!
You headbutt the death yak! The death yak barely misses you.
The death yak snorts and paws the ground.
The death yak gores you but does no damage.
You slash the death yak!
You feel better.
The death yak is almost dead.
You hit the death yak. You hit the death yak but do no damage.
You slash the death yak! x2; You feel better.
Your skin stops crawling.
You feel less strong-willed. The death yak gores you!!
The death yak gores you but does no damage.
The death yak barely misses you.
The death yak gores you but does no damage.
The death yak gores you!
19475 ||| READING 6 scrolls of teleportation.
As you read the scroll of teleportation, it crumbles to dust.
You feel strangely unstable. The death yak closely misses you.
The death yak gores you. The death yak gores you!
The death yak gores you but does no damage. x3
The death yak barely misses you. You furiously retaliate!
You headbutt the death yak. The death yak barely misses you.
You furiously retaliate!
You headbutt the death yak.
The death yak gores you but does no damage. x2
19476 ||| DRINKING 5 potions of heal wounds.
You feel much better.
The death yak gores you but does no damage. x2
The death yak barely misses you. The death yak gores you.
The death yak gores you but does no damage.
19477 ||| DRINKING 4 potions of heal wounds.
You feel much better. The death yak gores you.
The death yak gores you but does no damage. x2
The death yak gores you! The death yak closely misses you.
You furiously retaliate!
You headbutt the death yak!! The death yak gores you!
The death yak gores you but does no damage.
The death yak gores you!
You die...

#.~ #.~#~.~ ..####
........##.~#}~~ ......#
.......~~~PP#### .......
....... ~~~~#.~~
.......#...... #~~#~#~
..........>.##..~#~~#.~~
.......#....#P..~~~~~#~~
.....~#~........~~~~~~~~
.....~Y@Y....P.~#~~~#~~~
......YYY.......~#~~#~P~
.....[.Y....##.. ....~.~
..P...........# ##.....#
............#.# #...#..#
..#......P.#..# #..####.
. ............. ...
..............


You could see 6 death yaks.

Vanquished Creatures
  A boulder beetle (Lair:2)
  3 hydras
  A catoblepas (Lair:3)
  23 death yaks
  Amaemon (D:9)
  A bog body (Lair:2)
  A manticore (Lair:5)
  11 elephants
  A torpor snail (Lair:2)
  A black mamba (Lair:1)
  A gargoyle (D:9)
  11 cane toads
  An orange demon (D:9)
  4 rime drakes
  14 komodo dragons
  A wind drake (Lair:5)
  A polar bear (Lair:4)
  A snapping turtle (Lair:5)
  Prince Ribbit (D:7)
  A hornet (Lair:5)
  A dream sheep (Lair:2)
  4 blink frogs
  26 yaks
  2 shadows
  6 wyverns
  3 basilisks
  Edmund (D:4)
  A steam dragon (Lair:5)
  5 nagas (Lair:3)
  A swamp worm (Lair:2)
  7 water moccasins
  6 orc warriors
  A sky beast (D:8)
  A black bear (Lair:3)
  2 centaurs
  An ogre (D:7)
  8 wolves
  8 bullfrogs
  4 kobold brigands
  A scorpion (D:6)
  3 killer bees (D:8)
  4 electric eels
  A crimson imp (D:5)
  2 hounds
  A jelly (D:5)
  A gnoll bouda (D:7)
  9 orc priests
  Jessica (D:2)
  6 iguanas
  6 orc wizards
  6 hell rats
  5 gnolls (D:7)
  12 adders
  3 river rats (Sewer)
  A shadow imp (D:8)
  2 white imps
  An ufetubus (D:5)
  6 worms
  A dart slug (D:1)
  43 orcs
  3 ball pythons
  10 endoplasms
  7 giant cockroaches
  15 goblins
  6 hobgoblins
  4 quokkas
  7 bats
  2 frilled lizards (D:1)
  23 kobolds
  8 rats
368 creatures vanquished.

Vanquished Creatures (others)
  9 fungi
  23 plants
32 creatures vanquished.

Grand Total: 400 creatures vanquished

Notes
Turn   | Place    | Note
-------+----------+-------------------------------------------
     0 | D:1      | qw the Minotaur Berserker began the quest for the Orb.
     0 | D:1      | Reached XP level 1. HP: 19/19 MP: 0/0
     0 | D:1      | 0 ||| qw: Version: 0.1-a-119-g272c26d
     0 | D:1      | 0 ||| qw: Game counter: 10769
     0 | D:1      | 0 ||| qw: Always use a shield: true
     0 | D:1      | 0 ||| qw: Do Orc after D:15 true
     0 | D:1      | 0 ||| qw: Do second Lair branch before Depths: true
     0 | D:1      | 0 ||| qw: Lair rune preference: random
     0 | D:1      | 0 ||| qw: Plans: Normal
     0 | D:1      | 0 ||| PLANNING D:1-11
   187 | D:1      | Reached XP level 2. HP: 15/26 MP: 1/1
   404 | D:1      | 404 ||| Stepping ~*~*~tactically~*~*~ (stealth).
   406 | D:1      | 406 ||| Stepping ~*~*~tactically~*~*~ (stealth).
   409 | D:1      | 409 ||| Stepping ~*~*~tactically~*~*~ (stealth).
   465 | D:1      | 465 ||| Stepping ~*~*~tactically~*~*~ (stealth).
   468 | D:1      | 468 ||| Stepping ~*~*~tactically~*~*~ (stealth).
   470 | D:1      | 470 ||| Stepping ~*~*~tactically~*~*~ (stealth).
   506 | D:1      | 506 ||| DROPPING +0 club.
   520 | D:1      | 520 ||| DROPPING +0 whip.
   796 | D:1      | 796 ||| Stepping ~*~*~tactically~*~*~ (stealth).
   992 | D:1      | Reached XP level 3. HP: 29/31 MP: 2/2
  1001 | D:1      | 1001 ||| Stepping ~*~*~tactically~*~*~ (stealth).
  1055 | D:1      | 1055 ||| Stepping ~*~*~tactically~*~*~ (stealth).
  1056 | D:1      | 1056 ||| Stepping ~*~*~tactically~*~*~ (stealth).
  1057 | D:1      | 1057 ||| Stepping ~*~*~tactically~*~*~ (stealth).
  1289 | D:1      | Reached ** piety under Trog
  1319 | D:1      | 1319 ||| UPGRADING to ring of protection from cold.
  1320 | D:1      | 1320 ||| UPGRADING to ring of willpower.
  1321 | D:1      | 1321 ||| READING scroll labelled DUTWOM ALUN.
  1322 | D:1      | 1322 ||| DROPPING +0 morningstar.
  1360 | D:2      | 1360 ||| INVOKING Berserk.
  1374 | D:2      | 1374 ||| Stepping ~*~*~tactically~*~*~ (stealth).
  1470 | D:2      | You fall into a shaft and drop 1 floor!
  1558 | D:3      | Reached skill level 6 in Axes
  1558 | D:3      | Reached XP level 4. HP: 39/39 MP: 3/3
  1662 | D:3      | 1662 ||| DROPPING amulet of faith.
  1663 | D:3      | 1663 ||| READING scroll labelled DUIBAU ROIV.
  1731 | D:2      | Found a faded altar of an unknown god.
  1770 | D:2      | 1770 ||| Stepping ~*~*~tactically~*~*~ (stealth).
  1894 | D:2      | Noticed Jessica
  1895 | D:2      | 1895 ||| Stepping ~*~*~tactically~*~*~ (hiding).
  2000 | D:2      | Killed Jessica
  2001 | D:2      | Reached skill level 1 in Throwing
  2001 | D:2      | Reached XP level 5. HP: 42/45 MP: 4/4
  2403 | D:2      | 2403 ||| Stepping ~*~*~tactically~*~*~ (stealth).
  2646 | D:2      | 2646 ||| UPGRADING to +0 ring mail.
  2656 | D:2      | 2656 ||| DROPPING +0 animal skin.
  2657 | D:2      | 2657 ||| READING scroll labelled ZUUXAX NU ZADD.
  2658 | D:2      | 2658 ||| READING 2 scrolls labelled NEMPUUSUEG.
  2659 | D:2      | 2659 ||| READING 2 scrolls labelled LOZUNUHOTA.
  2660 | D:2      | 2660 ||| DROPPING scroll of poison.
  2661 | D:2      | 2661 ||| Stepping randomly (stuck).
  2662 | D:2      | 2662 ||| Stepping ~*~*~tactically~*~*~ (cloud).
  2814 | D:3      | Identified the +8 dagger "Pedies Geci" {vamp, rF- rC+
                  | Dex+6}
  2815 | D:3      | Found an iron altar of Okawaru.
  2825 | D:3      | 2825 ||| FLEEEEING.
  2828 | D:3      | 2828 ||| FLEEEEING.
  2829 | D:3      | 2829 ||| FLEEEEING.
  2830 | D:3      | 2830 ||| FLEEEEING.
  2831 | D:3      | 2831 ||| STAIRDANCE
  2985 | D:3      | Found a runed translucent door.
  2986 | D:3      | Noticed Crazy Yiuf
  3023 | D:3      | 3023 ||| Stepping ~*~*~tactically~*~*~ (hiding).
  3027 | D:3      | 3027 ||| Stepping ~*~*~tactically~*~*~ (hiding).
  3030 | D:3      | 3030 ||| Stepping ~*~*~tactically~*~*~ (hiding).
  3100 | D:3      | 3100 ||| Stepping ~*~*~tactically~*~*~ (hiding).
  3328 | D:3      | 3328 ||| SWAPPING to +6 hand axe.
  3346 | D:3      | 3346 ||| Stepping ~*~*~tactically~*~*~ (stealth).
  3545 | D:3      | Found a shimmering blue altar of Sif Muna.
  3864 | D:3      | 3864 ||| UPGRADING to +0 chain mail.
  3874 | D:3      | 3874 ||| DROPPING +0 ring mail.
  3875 | D:3      | 3875 ||| READING 2 scrolls of identify.
  3875 | D:3      | 3875 ||| IDENTIFYING fizzy pink potion
  3963 | D:4      | 3963 ||| Stepping ~*~*~tactically~*~*~ (stealth).
  3967 | D:4      | 3967 ||| Stepping ~*~*~tactically~*~*~ (stealth).
  3989 | D:4      | 3989 ||| Stepping ~*~*~tactically~*~*~ (stealth).
  3990 | D:4      | 3990 ||| Stepping ~*~*~tactically~*~*~ (stealth).
  4030 | D:4      | 4030 ||| Stepping ~*~*~tactically~*~*~ (stealth).
  4034 | D:4      | 4034 ||| Stepping ~*~*~tactically~*~*~ (stealth).
  4041 | D:4      | Found a white marble altar of Elyvilon.
  4109 | D:4      | Found Vearhac's Distillery.
  4112 | D:4      | 4112 ||| SHOPLISTING 2 potions of haste (280 gold, have
                  | 208).
  4112 | D:4      | 4112 ||| BUYING potion of curing (42 gold).
  4112 | D:4      | Bought a potion of curing for 42 gold pieces
  4112 | D:4      | 4112 ||| BUYING potion of curing (42 gold).
  4112 | D:4      | Bought a potion of curing for 42 gold pieces
  4112 | D:4      | 4112 ||| SHOPLISTING potion of haste (140 gold, have 124).
  4112 | D:4      | 4112 ||| BUYING potion of might (56 gold).
  4112 | D:4      | Bought a potion of might for 56 gold pieces
  4112 | D:4      | 4112 ||| BUYING potion of might (56 gold).
  4112 | D:4      | Bought a potion of might for 56 gold pieces
  4112 | D:4      | 4112 ||| SHOPLISTING potion of mutation (112 gold, have
                  | 12).
  4112 | D:4      | 4112 ||| SHOPLISTING potion of resistance (140 gold, have
                  | 12).
  4135 | D:4      | 4135 ||| SWAPPING to +0 war axe.
  4142 | D:4      | 4142 ||| DROPPING +6 hand axe.
  4167 | D:4      | Reached *** piety under Trog
  4180 | D:4      | Found a hazy altar of Hepliaklqana.
  4395 | D:4      | Noticed Edmund
  4396 | D:4      | 4396 ||| Stepping ~*~*~tactically~*~*~ (stealth).
  4401 | D:4      | 4401 ||| INVOKING Berserk.
  4412 | D:4      | Killed Edmund
  4413 | D:4      | Reached XP level 6. HP: 47/52 MP: 5/5
  4614 | D:4      | 4614 ||| READING scroll labelled KUASICW XALOGG.
  4615 | D:4      | 4615 ||| DRINKING 2 dark potions.
  4616 | D:4      | 4616 ||| READING 2 scrolls of identify.
  4616 | D:4      | 4616 ||| IDENTIFYING cyan potion
  4617 | D:4      | 4617 ||| DROPPING potion of degeneration.
  4648 | D:5      | Entered Level 5 of the Dungeon
  4667 | D:5      | 4667 ||| FLEEEEING.
  4668 | D:5      | 4668 ||| FLEEEEING.
  4671 | D:5      | 4671 ||| STAIRDANCE
  4732 | D:5      | 4732 ||| INVOKING Berserk.
  5026 | D:5      | 5026 ||| Stepping ~*~*~tactically~*~*~ (hiding).
  5027 | D:5      | 5027 ||| Stepping ~*~*~tactically~*~*~ (hiding).
  5033 | D:5      | 5033 ||| INVOKING Berserk.
  5035 | D:5      | Reached skill level 9 in Axes
  5167 | D:5      | 5167 ||| INVOKING Berserk.
  5173 | D:5      | Reached XP level 7. HP: 60/60 MP: 6/6
  5183 | D:5      | 5183 ||| Stepping ~*~*~tactically~*~*~ (hiding).
  5334 | D:5      | Found a burning altar of Makhleb.
  5337 | D:5      | Found a shimmering altar of Xom.
  5373 | D:5      | 5373 ||| Stepping ~*~*~tactically~*~*~ (stealth).
  5375 | D:5      | 5375 ||| Stepping ~*~*~tactically~*~*~ (stealth).
  5380 | D:5      | 5380 ||| Stepping ~*~*~tactically~*~*~ (stealth).
  5381 | D:5      | 5381 ||| INVOKING Berserk.
  5524 | D:5      | 5524 ||| Stepping ~*~*~tactically~*~*~ (stealth).
  5538 | D:5      | 5538 ||| INVOKING Berserk.
  6008 | D:5      | 6008 ||| UPGRADING to +6 ring of dexterity.
  6010 | D:5      | 6010 ||| UPGRADING to +4 ring of slaying {mikee}.
  6012 | D:5      | 6012 ||| DROPPING ring of willpower.
  6013 | D:5      | 6013 ||| UPGRADING to ring of protection from cold.
  6015 | D:5      | 6015 ||| READING 3 scrolls labelled BYONATEDOE.
  6018 | D:5      | 6018 ||| READING 2 scrolls of identify.
  6018 | D:5      | 6018 ||| IDENTIFYING clear potion
  6019 | D:5      | 6019 ||| DROPPING potion of berserk rage.
  6032 | D:6      | 6032 ||| PLANNING SEWER
  6054 | D:6      | 6054 ||| Stepping ~*~*~tactically~*~*~ (stealth).
  6064 | D:6      | Found a stormy altar of Qazlal.
  6133 | D:6      | 6133 ||| Stepping ~*~*~tactically~*~*~ (stealth).
  6134 | D:6      | 6134 ||| Stepping ~*~*~tactically~*~*~ (hiding).
  6140 | D:6      | 6140 ||| INVOKING Berserk.
  6155 | D:6      | 6155 ||| Stepping ~*~*~tactically~*~*~ (stealth).
  6272 | D:6      | 6272 ||| Stepping ~*~*~tactically~*~*~ (stealth).
  6273 | D:6      | Identified the +1 rapier of Wealth {protect, rCorr Int+3}
  6274 | D:6      | 6274 ||| Stepping ~*~*~tactically~*~*~ (hiding).
  6276 | D:6      | 6276 ||| INVOKING Berserk.
  6410 | D:6      | Found a blossoming altar of Fedhas.
  6585 | D:6      | Reached XP level 8. HP: 64/69 MP: 7/7
  6608 | D:6      | Found a staircase to the Ecumenical Temple.
  6707 | D:6      | Found a glowing drain.
  6708 | D:6      | 6708 ||| UPGRADING to +0 cloak.
  6714 | D:6      | 6714 ||| DROPPING +6 ring of intelligence.
  6715 | D:6      | 6715 ||| READING 2 scrolls labelled ZUNKUIH UMAWEIR.
  6716 | D:6      | 6716 ||| READING 2 scrolls of identify.
  6716 | D:6      | 6716 ||| IDENTIFYING viscous white potion
  6717 | D:6      | 6717 ||| DROPPING potion of magic.
  6718 | D:6      | 6718 ||| DROPPING scroll of fog.
  6729 | Sewer    | Entered a sewer
  6826 | Sewer    | 6826 ||| Stepping ~*~*~tactically~*~*~ (water).
  6828 | Sewer    | Reached skill level 6 in Fighting
  6883 | Sewer    | 6883 ||| READING scroll labelled IPHUMPEIMP.
  6884 | Sewer    | 6884 ||| READING scroll labelled JODGHU ZALIUTSI.
  6885 | Sewer    | 6885 ||| READING scroll labelled KYCKIG IMICOASK.
  6890 | D:6      | 6890 ||| PLANNING D:1-11
  7071 | D:7      | Noticed a five-headed hydra
  7074 | D:7      | 7074 ||| SWAPPING to +0 hand axe of flaming.
  7075 | D:7      | 7075 ||| INVOKING Berserk.
  7079 | D:7      | Killed a one-headed hydra
  7080 | D:7      | Reached skill level 12 in Axes
  7094 | D:7      | 7094 ||| STAIRDANCE
  7096 | D:6      | 7096 ||| SWAPPING to +0 war axe.
  7260 | D:7      | 7260 ||| Stepping ~*~*~tactically~*~*~ (stealth).
  7418 | D:7      | 7418 ||| FLEEEEING.
  7419 | D:7      | 7419 ||| STAIRDANCE
  7487 | D:6      | 7487 ||| READING 2 scrolls of identify.
  7487 | D:6      | 7487 ||| IDENTIFYING murky golden potion
  7488 | D:6      | 7488 ||| DROPPING potion of attraction.
  7491 | D:7      | 7491 ||| STAIRDANCE
  7493 | D:6      | 7493 ||| INVOKING Berserk.
  7495 | D:6      | Reached XP level 9. HP: 76/79 MP: 8/8
  7616 | D:7      | 7616 ||| STAIRDANCE
  7675 | D:7      | 7675 ||| Stepping ~*~*~tactically~*~*~ (hiding).
  7677 | D:7      | 7677 ||| INVOKING Berserk.
  7901 | D:7      | Found a runed translucent gate.
  7901 | D:7      | Found a runed translucent gate.
  7901 | D:7      | Found a runed translucent gate.
  7946 | D:7      | 7946 ||| Stepping ~*~*~tactically~*~*~ (stealth).
  7949 | D:7      | 7949 ||| Stepping ~*~*~tactically~*~*~ (hiding).
  7950 | D:7      | 7950 ||| Stepping ~*~*~tactically~*~*~ (hiding).
  7959 | D:7      | 7959 ||| INVOKING Berserk.
  8141 | D:7      | Found an opulent altar of Gozag.
  8191 | D:7      | 8191 ||| INVOKING Berserk.
  8405 | D:7      | Noticed Prince Ribbit
  8407 | D:7      | 8407 ||| INVOKING Berserk.
  8410 | D:7      | Killed Prince Ribbit
  8627 | D:7      | Noticed qw's ghost (novice GrBe)
  8814 | D:8      | 8814 ||| INVOKING Berserk.
  8941 | D:8      | 8941 ||| Stepping ~*~*~tactically~*~*~ (stealth).
  8943 | D:8      | 8943 ||| Stepping ~*~*~tactically~*~*~ (hiding).
  8946 | D:8      | 8946 ||| Stepping ~*~*~tactically~*~*~ (hiding).
  8947 | D:8      | 8947 ||| Stepping ~*~*~tactically~*~*~ (hiding).
  8948 | D:8      | 8948 ||| Stepping ~*~*~tactically~*~*~ (hiding).
  8949 | D:8      | 8949 ||| Stepping ~*~*~tactically~*~*~ (hiding).
  8951 | D:8      | 8951 ||| INVOKING Berserk.
  9023 | D:8      | 9023 ||| Stepping ~*~*~tactically~*~*~ (stealth).
  9035 | D:8      | 9035 ||| Stepping ~*~*~tactically~*~*~ (stealth).
  9133 | D:8      | Found an ancient bone altar of Kikubaaqudgha.
  9217 | D:8      | 9217 ||| INVOKING Berserk.
  9223 | D:8      | Reached skill level 3 in Throwing
  9347 | D:8      | Identified the +6 whip "String" {vorpal, +Blink rN+ Str-5
                  | Dex+4}
  9407 | D:8      | Reached **** piety under Trog
  9521 | D:8      | Identified the ring "Oramol" {rElec Will+ rCorr}
  9528 | D:8      | Found Ysinniac's Weapon Shoppe.
  9547 | D:8      | 9547 ||| INVOKING Berserk.
  9555 | D:8      | 9555 ||| FLEEEEING.
  9556 | D:8      | 9556 ||| FLEEEEING.
  9557 | D:8      | 9557 ||| FLEEEEING.
  9558 | D:8      | 9558 ||| FLEEEEING.
  9695 | D:8      | 9695 ||| FLEEEEING.
  9696 | D:8      | 9696 ||| FLEEEEING.
  9697 | D:8      | 9697 ||| FLEEEEING.
  9698 | D:8      | 9698 ||| FLEEEEING.
  9724 | D:8      | 9724 ||| FLEEEEING.
  9924 | D:8      | 9924 ||| UPGRADING to +0 plate armour.
  9934 | D:8      | 9934 ||| DROPPING +0 chain mail.
  9935 | D:8      | 9935 ||| UPGRADING to +0 pair of boots.
  9940 | D:8      | 9940 ||| UPGRADING to ring "Oramol" {rElec Will+ rCorr}.
  9942 | D:8      | 9942 ||| UPGRADING to +4 ring of slaying {mikee}.
  9952 | D:8      | 9952 ||| FLEEEEING.
 10034 | D:9      | Reached XP level 10. HP: 88/88 MP: 9/9
 10038 | D:9      | 10038 ||| Stepping ~*~*~tactically~*~*~ (stealth).
 10058 | D:9      | 10058 ||| Stepping ~*~*~tactically~*~*~ (stealth).
 10063 | D:9      | 10063 ||| Stepping ~*~*~tactically~*~*~ (stealth).
 10067 | D:9      | Reached skill level 6 in Armour
 10083 | D:9      | Found a staircase to the Lair.
 10149 | D:9      | Found a runed translucent door.
 10150 | D:9      | Noticed qw's ghost (novice GrDe)
 10277 | D:9      | Noticed Amaemon
 10279 | D:9      | Noticed an orange demon
 10280 | D:9      | 10280 ||| INVOKING Berserk.
 10284 | D:9      | Killed Amaemon
 10287 | D:9      | Killed an orange demon
 10602 | D:9      | 10602 ||| FLEEEEING.
 10603 | D:9      | 10603 ||| FLEEEEING.
 10604 | D:9      | 10604 ||| FLEEEEING.
 10605 | D:9      | 10605 ||| FLEEEEING.
 10606 | D:9      | 10606 ||| FLEEEEING.
 10607 | D:9      | 10607 ||| FLEEEEING.
 10697 | D:9      | 10697 ||| INVOKING Berserk.
 10887 | D:9      | Found a large runed translucent door.
 10887 | D:9      | Found a large runed translucent door.
 11198 | D:9      | Noticed a gargoyle
 11209 | D:9      | 11209 ||| INVOKING Berserk.
 11213 | D:9      | Killed a gargoyle
 11214 | D:9      | Reached skill level 15 in Axes
 11530 | D:9      | 11530 ||| PLANNING LAIR
 11530 | D:9      | 11530 ||| DRINKING 2 white potions.
 11531 | D:9      | 11531 ||| READING 2 scrolls of identify.
 11531 | D:9      | 11531 ||| IDENTIFYING emerald potion
 11569 | Lair:1   | Entered Level 1 of the Lair of Beasts
 11885 | Lair:1   | You fall into a shaft and drop 1 floor!
 11938 | Lair:2   | Noticed a cane toad
 11939 | Lair:2   | 11939 ||| Stepping ~*~*~tactically~*~*~ (stealth).
 11941 | Lair:2   | 11941 ||| INVOKING Berserk.
 11943 | Lair:2   | Killed a cane toad
 11944 | Lair:2   | Reached skill level 9 in Fighting
 11950 | Lair:2   | Reached skill level 3 in Dodging
 11967 | Lair:2   | 11967 ||| Stepping ~*~*~tactically~*~*~ (stealth).
 12001 | Lair:2   | Noticed a cane toad
 12002 | Lair:2   | 12002 ||| Stepping ~*~*~tactically~*~*~ (stealth).
 12007 | Lair:2   | Noticed a cane toad
 12009 | Lair:2   | 12009 ||| Stepping ~*~*~tactically~*~*~ (stealth).
 12011 | Lair:2   | 12011 ||| INVOKING Berserk.
 12013 | Lair:2   | Killed a cane toad
 12412 | Lair:1   | Noticed a black mamba
 12415 | Lair:1   | 12415 ||| INVOKING Berserk.
 12420 | Lair:1   | Killed a black mamba
 12553 | Lair:1   | Noticed a cane toad
 12556 | Lair:1   | 12556 ||| INVOKING Berserk.
 12558 | Lair:1   | Killed a cane toad
 12559 | Lair:1   | Reached XP level 11. HP: 97/97 MP: 10/10
 12678 | Lair:1   | 12678 ||| Stepping ~*~*~tactically~*~*~ (stealth).
 12695 | Lair:1   | 12695 ||| INVOKING Berserk.
 12957 | Lair:1   | Noticed a death yak
 12957 | Lair:1   | Noticed a death yak
 12957 | Lair:1   | Noticed a death yak
 12958 | Lair:1   | 12958 ||| Stepping ~*~*~tactically~*~*~ (stealth).
 12959 | Lair:1   | 12959 ||| Stepping ~*~*~tactically~*~*~ (stealth).
 12959 | Lair:1   | Noticed a death yak
 12962 | Lair:1   | 12962 ||| INVOKING Berserk.
 12964 | Lair:1   | Killed a death yak
 12965 | Lair:1   | Reached skill level 9 in Armour
 12970 | Lair:1   | Killed a death yak
 12974 | Lair:1   | Killed a death yak
 12979 | Lair:1   | Killed a death yak
 13145 | Lair:1   | 13145 ||| INVOKING Berserk.
 13253 | Lair:1   | 13253 ||| READING scroll of enchant armour.
 13253 | Lair:1   | 13253 ||| ENCHANTING +0 pair of boots.
 13337 | Lair:1   | 13337 ||| READING scroll of enchant armour.
 13337 | Lair:1   | 13337 ||| ENCHANTING +1 pair of boots.
 13475 | Lair:1   | 13475 ||| Stepping ~*~*~tactically~*~*~ (stealth).
 13476 | Lair:1   | 13476 ||| INVOKING Berserk.
 13652 | Lair:1   | 13652 ||| DROPPING ring of ice.
 13653 | Lair:1   | 13653 ||| READING scroll labelled ZEWKOL CASE.
 13654 | Lair:1   | 13654 ||| DRINKING 3 fuming coppery potions.
 13655 | Lair:1   | 13655 ||| DROPPING 2 potions of brilliance.
 13692 | Lair:2   | 13692 ||| STAIRDANCE
 13743 | Lair:2   | 13743 ||| STAIRDANCE
 13833 | Lair:2   | 13833 ||| STAIRDANCE
 13874 | Lair:2   | 13874 ||| INVOKING Berserk.
 13879 | Lair:2   | Reached skill level 12 in Fighting
 13879 | Lair:2   | 13879 ||| STAIRDANCE
 13918 | Lair:2   | 13918 ||| INVOKING Berserk.
 13925 | Lair:2   | 13925 ||| STAIRDANCE
 14089 | Lair:2   | 14089 ||| DRINKING potion of cancellation.
 14117 | Lair:2   | 14117 ||| Stepping ~*~*~tactically~*~*~ (stealth).
 14125 | Lair:2   | 14125 ||| INVOKING Berserk.
 14134 | Lair:2   | Noticed a boulder beetle
 14139 | Lair:2   | Reached XP level 12. HP: 112/112 MP: 11/11
 14162 | Lair:2   | Killed a boulder beetle
 14644 | Lair:2   | 14644 ||| READING scroll of enchant armour.
 14644 | Lair:2   | 14644 ||| ENCHANTING +0 cloak.
 14751 | Lair:2   | 14751 ||| INVOKING Berserk.
 14884 | Lair:2   | 14884 ||| Stepping ~*~*~tactically~*~*~ (stealth).
 15047 | Lair:2   | 15047 ||| INVOKING Berserk.
 15219 | Lair:2   | Found a staircase to the Swamp.
 15377 | Lair:2   | 15377 ||| Stepping ~*~*~tactically~*~*~ (stealth).
 15379 | Lair:2   | 15379 ||| Stepping ~*~*~tactically~*~*~ (stealth).
 15427 | Lair:2   | Noticed a four-headed hydra
 15428 | Lair:2   | 15428 ||| INVOKING Brothers in Arms.
 15429 | Lair:2   | 15429 ||| INVOKING Brothers in Arms.
 15430 | Lair:2   | 15430 ||| INVOKING Brothers in Arms.
 15431 | Lair:2   | 15431 ||| INVOKING Brothers in Arms.
 15432 | Lair:2   | 15432 ||| INVOKING Brothers in Arms.
 15433 | Lair:2   | 15433 ||| SWAPPING to +0 hand axe of flaming.
 15434 | Lair:2   | 15434 ||| INVOKING Berserk.
 15437 | Lair:2   | Killed a one-headed hydra
 15570 | Lair:2   | 15570 ||| SWAPPING to +0 war axe.
 15862 | Lair:3   | Noticed a death yak
 15862 | Lair:3   | Noticed a death yak
 15862 | Lair:3   | Noticed a death yak
 15862 | Lair:3   | Noticed a death yak
 15863 | Lair:3   | 15863 ||| STAIRDANCE
 15865 | Lair:2   | 15865 ||| INVOKING Berserk.
 15869 | Lair:2   | Killed a death yak
 15874 | Lair:2   | Killed a death yak
 15875 | Lair:2   | Reached skill level 12 in Armour
 16024 | Lair:3   | Noticed a death yak
 16025 | Lair:3   | 16025 ||| STAIRDANCE
 16027 | Lair:2   | 16027 ||| INVOKING Berserk.
 16032 | Lair:2   | Killed a death yak
 16037 | Lair:2   | Killed a death yak
 16038 | Lair:2   | Reached skill level 6 in Throwing
 16183 | Lair:3   | 16183 ||| STAIRDANCE
 16185 | Lair:2   | 16185 ||| INVOKING Berserk.
 16189 | Lair:2   | Killed a death yak
 16277 | Lair:3   | 16277 ||| STAIRDANCE
 16325 | Lair:3   | 16325 ||| STAIRDANCE
 16394 | Lair:3   | 16394 ||| Stepping ~*~*~tactically~*~*~ (stealth).
 16396 | Lair:3   | 16396 ||| Stepping ~*~*~tactically~*~*~ (stealth).
 16398 | Lair:3   | 16398 ||| Stepping ~*~*~tactically~*~*~ (stealth).
 16655 | Lair:3   | Noticed an eight-headed hydra
 16656 | Lair:3   | 16656 ||| Stepping ~*~*~tactically~*~*~ (stealth).
 16665 | Lair:3   | 16665 ||| SWAPPING to +0 hand axe of flaming.
 16666 | Lair:3   | 16666 ||| INVOKING Berserk.
 16670 | Lair:3   | Killed a four-headed hydra
 16697 | Lair:3   | 16697 ||| SWAPPING to +0 war axe.
 17069 | Lair:3   | 17069 ||| READING scroll of brand weapon.
 17069 | Lair:3   | 17069 ||| BRANDING +0 war axe.
 17114 | Lair:3   | Noticed a catoblepas
 17115 | Lair:3   | 17115 ||| Stepping ~*~*~tactically~*~*~ (hiding).
 17117 | Lair:3   | 17117 ||| INVOKING Berserk.
 17131 | Lair:3   | Killed a catoblepas
 17132 | Lair:3   | Reached skill level 6 in Dodging
 17339 | Lair:3   | 17339 ||| Stepping ~*~*~tactically~*~*~ (hiding).
 17352 | Lair:3   | 17352 ||| Stepping ~*~*~tactically~*~*~ (hiding).
 17375 | Lair:3   | 17375 ||| Stepping ~*~*~tactically~*~*~ (stealth).
 17414 | Lair:3   | Found a staircase to the Snake Pit.
 17424 | Lair:3   | 17424 ||| Stepping ~*~*~tactically~*~*~ (hiding).
 17425 | Lair:3   | 17425 ||| Stepping ~*~*~tactically~*~*~ (hiding).
 17545 | Lair:3   | 17545 ||| READING 2 scrolls of identify.
 17545 | Lair:3   | 17545 ||| IDENTIFYING pink potion
 17546 | Lair:3   | 17546 ||| DROPPING potion of lignification.
 17602 | Lair:4   | 17602 ||| Stepping ~*~*~tactically~*~*~ (stealth).
 17603 | Lair:4   | 17603 ||| Stepping ~*~*~tactically~*~*~ (stealth).
 17628 | Lair:4   | 17628 ||| Stepping ~*~*~tactically~*~*~ (stealth).
 17629 | Lair:4   | 17629 ||| Stepping ~*~*~tactically~*~*~ (stealth).
 17631 | Lair:4   | 17631 ||| INVOKING Berserk.
 17635 | Lair:4   | Reached XP level 13. HP: 124/124 MP: 12/12
 17673 | Lair:4   | Reached skill level 15 in Fighting
 17674 | Lair:4   | HP: 18/126 [death yak (15)]
 17675 | Lair:4   | 17675 ||| READING 8 scrolls of teleportation.
 17676 | Lair:4   | 17676 ||| DRINKING 6 potions of heal wounds.
 17676 | Lair:4   | HP: 8/126 [death yak (16)]
 17677 | Lair:4   | 17677 ||| DRINKING 5 potions of heal wounds.
 18046 | Lair:4   | 18046 ||| INVOKING Berserk.
 18290 | Lair:4   | 18290 ||| INVOKING Berserk.
 18638 | Lair:4   | 18638 ||| INVOKING Berserk.
 18733 | Lair:4   | 18733 ||| Stepping ~*~*~tactically~*~*~ (stealth).
 18734 | Lair:4   | 18734 ||| INVOKING Berserk.
 18881 | Lair:4   | 18881 ||| INVOKING Berserk.
 19024 | Lair:4   | 19024 ||| READING 3 scrolls of identify.
 19024 | Lair:4   | 19024 ||| IDENTIFYING ruby potion
 19044 | Lair:5   | Entered Level 5 of the Lair of Beasts
 19047 | Lair:5   | 19047 ||| STAIRDANCE
 19054 | Lair:5   | 19054 ||| STAIRDANCE
 19056 | Lair:4   | 19056 ||| INVOKING Berserk.
 19201 | Lair:5   | 19201 ||| INVOKING Berserk.
 19227 | Lair:5   | Reached skill level 15 in Armour
 19295 | Lair:5   | 19295 ||| Stepping ~*~*~tactically~*~*~ (stealth).
 19315 | Lair:5   | 19315 ||| Stepping ~*~*~tactically~*~*~ (stealth).
 19350 | Lair:5   | 19350 ||| FLEEEEING.
 19351 | Lair:5   | 19351 ||| FLEEEEING.
 19352 | Lair:5   | 19352 ||| FLEEEEING.
 19353 | Lair:5   | 19353 ||| FLEEEEING.
 19354 | Lair:5   | 19354 ||| FLEEEEING.
 19355 | Lair:5   | 19355 ||| STAIRDANCE
 19430 | Lair:5   | 19430 ||| INVOKING Trog's Hand.
 19433 | Lair:5   | 19433 ||| INVOKING Berserk.
 19457 | Lair:5   | 19457 ||| Stepping ~*~*~tactically~*~*~ (water).
 19458 | Lair:5   | 19458 ||| INVOKING Trog's Hand.
 19463 | Lair:5   | HP: 27/130 [drowned by a drowned soul[a merfolk avatar]
                  | (10)]
 19464 | Lair:5   | 19464 ||| READING 7 scrolls of teleportation.
 19465 | Lair:5   | 19465 ||| DRINKING 6 potions of heal wounds.
 19465 | Lair:5   | Found a staircase to the Slime Pits.
 19474 | Lair:5   | HP: 21/130 [death yak (15)]
 19475 | Lair:5   | 19475 ||| READING 6 scrolls of teleportation.
 19475 | Lair:5   | HP: 10/130 [death yak (7)]
 19476 | Lair:5   | 19476 ||| DRINKING 5 potions of heal wounds.
 19477 | Lair:5   | 19477 ||| DRINKING 4 potions of heal wounds.
 19477 | Lair:5   | Mangled by a death yak

Levels and vault maps discovered:
D:1:      amcnicky_arrival_gap_in_the_tavern_cellar, layout_basic
D:2:      layout_basic, shapermc_ecumenical_altar_starsandcircs,
          minmay_tetromino_i2, uniq_jessica
D:3:      layout_loops_corners, kennysheep_okawaru_gauntlet,
          nicolae_sif_muna_little_library, uniq_crazy_yiuf_cottage
D:4:      layout_basic, mainiacjoe_overflow_24_doors,
          mainiacjoe_overflow_small_starburst, serial_shops,
          kennysheep_mini_moat, uniq_edmund
D:5:      layout_basic, grunt_temple_overflow_champion_of_chaos
D:6:      layout_loops_cross, fedhas_altar_1, nicolae_overflow_crystal_walls,
          minmay_temple_entry_glass, portal_sewer_entry_f
D:7:      layout_gridville, grunt_gozag_breadcrumbs, gammafunk_ghost_icy,
          uniq_prince_ribbit1
D:8:      layout_cave_pools, kennysheep_little_box, serial_shops, shop,
          kennysheep_dice
D:9:      nicolae_BIG_FREAKIN_CUBE, layout_basic, jmf_multi_god_temple2,
          lair_entry_dummy, gammafunk_ghost_grave, minivault_27, uniq_amaemon
Lair:1:   beast_lair_carwin_large_2, layout_small_grid,
          nicolae_quartered_pool_super, grunt_megastairs_4
Lair:2:   nzn_winding_woodlands_stair_trap [nzn_winding_woodlands_5x15_pool,
          nzn_winding_woodlands_5x15_concentric,
          nzn_winding_woodlands_5x15_parted,
          nzn_winding_woodlands_15x15_eel_pit, nzn_winding_woodlands_5x15_eye,
          nzn_winding_woodlands_5x15_longhouse,
          nzn_winding_woodlands_5x15_lazy_stream], layout_long_grid,
          nicolae_swamp_entry_splash_gauntlet, beast_lair_carwin_9
Lair:3:   layout_cave_pods, minmay_snake_entry_guardpost_large, minivault_25
Lair:4:   layout_cave_shapes, chequers_serial_rivers_micro_e,
          beast_lair_carwin_7, grunt_megastairs_5
Lair:5:   gammafunk_lair_ancient_temple, layout_gridlike, slime_entry_1,
          minivault_27

Skill      XL: |  1  2  3  4  5  6  7  8  9 10 11 12 13 |
---------------+----------------------------------------+-----
Axes           | 4 5 6 8 9 10 12 14 15 16 | 16.0
Throwing       | 1 2 3 5 6 |  6.9
Fighting       | 4 5 7 8 9 12 14 16 | 16.3
Armour         | 4 5 8 10 13 15 | 15.0
Dodging        | 3 4 6 7 |  7.0

Action                   |  1- 3 |  4- 6 |  7- 9 | 10-12 | 13-15 || total
-------------------------+-------+-------+-------+-------+-------++-------
Melee: Hand axe          |    94 |    71 |     4 |     7 |       ||   176
       Headbutt          |     8 |    23 |    29 |    99 |    49 ||   208
       War axe           |       |    46 |   163 |   321 |   194 ||   724
       Punch             |       |     1 |     1 |     8 |     1 ||    11
Throw: Javelin           |       |    33 |    40 |    33 |     7 ||   113
       Boomerang         |       |       |    31 |    45 |    23 ||    99
Invok: Berserk           |     1 |     4 |    14 |    23 |     8 ||    50
       Brothers in Arms  |       |       |       |     1 |       ||     1
       Trog's Hand       |       |       |       |       |     2 ||     2
  Use: Scroll            |     1 |     7 |     8 |     7 |     4 ||    27
       Potion            |       |     1 |       |     3 |     5 ||     9
 Stab: Distracted        |       |       |       |       |     1 ||     1
Armor: Animal skin       |    25 |       |       |       |       ||    25
       Chain mail        |       |    21 |    60 |       |       ||    81
       Ring mail         |       |     4 |       |       |       ||     4
       Plate armour      |       |       |     2 |   131 |   110 ||   243
Dodge: Dodged            |    40 |    55 |    63 |   109 |    74 ||   341

Table legend:
 A = Non-vault XP
 B = Vault XP
 C = Vault XP percentage of total XP
 D = Non-vault monster count
 E = Vault monster count
 F = Vault count percentage of total count
                 A         B        C        D         E       F
            +---------+---------+-------+---------+---------+-------
      Total |   33680 |   27752 |  45.2 |     282 |      86 |  23.4
            +---------+---------+-------+---------+---------+-------
        D:1 |      50 |       0 |   0.0 |      29 |       0 |   0.0
        D:2 |     100 |      39 |  28.1 |      15 |       2 |  11.8
        D:3 |     102 |       0 |   0.0 |      19 |       0 |   0.0
        D:4 |      72 |     173 |  70.6 |      13 |       1 |   7.1
        D:5 |     544 |      48 |   8.1 |      23 |       1 |   4.2
        D:6 |     617 |       8 |   1.3 |      20 |       4 |  16.7
        D:7 |    1652 |     286 |  14.8 |      21 |       1 |   4.5
        D:8 |    1327 |     353 |  21.0 |      27 |       3 |  10.0
        D:9 |    1311 |    1130 |  46.3 |      27 |       2 |   6.9
     Lair:1 |    5449 |    3884 |  41.6 |      16 |      11 |  40.7
     Lair:2 |    8579 |    5894 |  40.7 |      22 |      18 |  45.0
     Lair:3 |    3099 |     815 |  20.8 |      17 |       5 |  22.7
     Lair:4 |   10006 |   10844 |  52.0 |      30 |      17 |  36.2
     Lair:5 |     772 |    4199 |  84.5 |       3 |      12 |  80.0
      Sewer |       0 |      79 | 100.0 |       0 |       9 | 100.0
            +---------+---------+-------+---------+---------+-------
